 Dungeon Crawl Stone Soup version 0.25-a0-474-ga8a2ee3166 (webtiles) character file.

Game seed: 17109488942425393895, levelgen mode: deterministic

72 ChaosChampion the Sneak (level 4, -5/21 HPs)
             Began as a Spriggan Enchanter on Feb 7, 2020.
             Slain by Natasha (9 damage)
             ... on level 2 of the Dungeon.
             The game lasted 00:03:43 (1529 turns).

ChaosChampion the Sneak (Spriggan Enchanter)        Turns: 1529, Time: 00:03:43

Health: -5/21      AC:  2    Str:  4    XL:     4   Next: 6%
Magic:  1/9        EV: 18    Int: 16    God:
Gold:   76         SH:  0    Dex: 17    Spells: 6/9 levels left

rFire    . . .     SeeInvis +   i - +0 dagger (vamp)
rCold    . . .     Gourm    .   (shield restricted)
rNeg     . . .     Faith    .   b - +0 robe
rPois    .         Spirit   .   (helmet restricted)
rElec    .         Reflect  .   (no cloak)
rCorr    .         Harm     .   (gloves unavailable)
MR       .....                  (boots unavailable)
Stlth    +++.......             (no amulet)
HPRegen  0.07/turn              (no ring)
MPRegen  0.11/turn              (no ring)

@: very quick
A: very small, unfitting armour, see invisible, herbivore, speed 3, slow
metabolism 2
a: no special abilities


You were on level 2 of the Dungeon.
You were not hungry.

You visited 1 branch of the dungeon, and saw 2 of its levels.

You collected 76 gold pieces.

Inventory:

Hand Weapons
 a - a +1 dagger
 i - a +0 vampiric dagger (weapon)
Armour
 b - a +0 robe (worn)
Scrolls
 c - a scroll of magic mapping {unknown}
 g - a scroll of remove curse {unknown}
 k - a scroll of identify {unknown}
Potions
 e - 2 potions of flight {unknown}
 f - a potion of haste {unknown}
 h - a potion of might {unknown}
 j - a potion of curing {unknown}
Comestibles
 d - 6 rations


   Skills:
 * Level 2.6 Short Blades
 - Level 3.0 Dodging
 * Level 5.7 Stealth
 + Level 3.2 Spellcasting
 + Level 4.1 Hexes


You had 6 spell levels left.
You knew the following spells:

 Your Spells              Type           Power        Failure   Level  Hunger
a - Corona                Hex            ###....      3%          1    None
b - Ensorcelled Hibernat  Hex/Ice        #.....       12%         2    ##.....

Your spell library contained the following spells:

 Spells                   Type           Power        Failure   Level  Hunger
 Confusing Touch          Hex            ###.....     11%         3    ###....
 Tukima's Dance           Hex            ###.....     11%         3    ###....
 Dazzling Flash           Conj/Hex       #.....       24%         3    ###....


Dungeon Overview and Level Annotations

Branches:
Dungeon (2/15)

Altars:
Kikubaaqudgha

Annotations:
D:2 Natasha


Innate Abilities, Weirdness & Mutations

You are very small and have problems with some larger weapons.
You are too small for most types of armour.
You have supernaturally acute eyesight. (SInv)
You are a herbivore.
You cover ground extremely quickly.
You need to consume almost no food.


Message History

You are too injured to fight recklessly!
You are too injured to fight recklessly!
Casting: Ensorcelled Hibernation (safe; 12% risk of failure)
Confirm with . or Enter, or press ? or * to list all spells.
Aiming: Ensorcelled Hibernation (safe; 12% risk of failure)
Press: ? - help, Shift-Dir - straight line, f - Natasha
Aim: Natasha (moderately wounded, chance to defeat MR: 40%) Natasha resists with some effort.
Natasha claws you.
* * * LOW HITPOINT WARNING * * *
Unknown command.
Casting: Ensorcelled Hibernation (safe; 12% risk of failure)
Confirm with . or Enter, or press ? or * to list all spells.
Aiming: Ensorcelled Hibernation (safe; 12% risk of failure)
Press: ? - help, Shift-Dir - straight line, f/p - Natasha
Aim: Natasha (moderately wounded, chance to defeat MR: 40%) Natasha resists with some effort.
Natasha closely misses you.
You hit Natasha but do no damage.
Natasha is moderately wounded.
Natasha claws you!
You die...

.....†#........#..........## .# #
#..............#..........###.#.#
#......###.###..............#.#.#
.....).# #..##...................
.......###+#.#.......[.....(.....
.........+_##.........##+###.....
.......###+###†.†...........b....
#####..# #.# #÷..h.##............
####..###.###..@##.+............
#........(.......#.#....######..
#.......##.##..[........# ##
#.......##......##.#....#
##.......#####...# ......##
........##.......##.#......
....######........#.#......
......# #...÷......# .....
......# #........###.....#


You could see Natasha.

Vanquished Creatures
  Natasha (D:2)
  An adder (D:2)
  2 leopard geckos (D:1)
  9 bats
  4 giant cockroaches
  2 hobgoblins (D:2)
  8 kobolds
  4 frilled lizards
  A goblin (D:1)
  3 rats (D:1)
35 creatures vanquished.

Notes
Turn   | Place    | Note
-------+----------+-------------------------------------------
     0 | D:1      | ChaosChampion the Spriggan Enchanter began the quest for
                  | the Orb.
     0 | D:1      | Reached XP level 1. HP: 9/9 MP: 5/5
   380 | D:1      | Reached XP level 2. HP: 13/13 MP: 6/6
   386 | D:1      | Learned a level 2 spell: Ensorcelled Hibernation
   446 | D:1      | Reached skill level 5 in Stealth
  1211 | D:2      | Found an ancient bone altar of Kikubaaqudgha.
  1230 | D:2      | Reached XP level 3. HP: 14/16 MP: 1/8
  1380 | D:2      | Noticed Natasha
  1383 | D:2      | Killed Natasha
  1442 | D:2      | Noticed Natasha
  1468 | D:2      | Reached XP level 4. HP: 19/21 MP: 0/9
  1529 | D:2      | Slain by Natasha

Levels and vault maps discovered:
D:1:      dpeg_arrival_signposts, layout_loops_ring
D:2:      layout_basic, lemuel_doored_altar, nicolae_qazlal_general_emergency,
          uniq_natasha

Skill      XL: |  1  2  3 |
---------------+----------+-----
Stealth        | 5 |  5.7
Short Blades   | 2 |  2.6
Spellcasting   | 3 |  3.2
Hexes          | 4 |  4.1
Dodging        | |  3.0

Action                   |  1- 3 |  4- 6 || total
-------------------------+-------+-------++-------
Melee: Dagger            |   141 |    19 ||   160
 Cast: Corona            |     7 |       ||     7
       Ensorcelled Hiber |    24 |     2 ||    26
 Stab: Sleeping          |    16 |       ||    16
Armor: Robe              |    29 |       ||    29
Dodge: Dodged            |   181 |    12 ||   193

Table legend:
 A = Non-vault XP
 B = Vault XP
 C = Vault XP percentage of total XP
 D = Non-vault monster count
 E = Vault monster count
 F = Vault count percentage of total count
                 A         B        C        D         E       F
            +---------+---------+-------+---------+---------+-------
      Total |      68 |      35 |  34.0 |      34 |       1 |   2.9
            +---------+---------+-------+---------+---------+-------
        D:1 |      34 |       0 |   0.0 |      20 |       0 |   0.0
        D:2 |      34 |      35 |  50.7 |      14 |       1 |   6.7
            +---------+---------+-------+---------+---------+-------
